Punishers vs Little Stars
(R1)
Created - May 31, 2022 at 20:44
Goals
|
Punishers |
1 |
1 |
2 |
4 |
Little Stars |
2 |
2 |
3 |
7 |
|
Shots
|
Punishers |
5 |
11 |
12 |
28 |
Little Stars |
8 |
9 |
16 |
33 |
|
1st period
1. Little Stars , Adam Tambellini 32 (Eric Knodel 17) at 1:59
2. Little Stars , Daniel O'regan 31 (Jordan LaVallee 55, Adam Tambellini 36) at 7:14 (PP)
3. Punishers , John Quenneville 21 (Carter Ashton 26, Brett Kulak 17) at 18:34
Penalties :
Carter Ashton (Pro) for Slashing (Minor) at 6:02, Daniel O'regan (Tex) for Tripping (Minor) at 8:30, Ilya Mikheyev (Tex) for Tripping (Minor) at 18:41
2nd period
4. Punishers , Phillip Danault 18 (Corey Tropp 45, Radek Faksa 57) at 3:44
5. Little Stars , Tyler Wotherspoon 6 (Henrik Borgstrom 34) at 5:26 (PP)
6. Little Stars , Tyler Wotherspoon 7 (Ilya Mikheyev 45, Daniel O'regan 71) at 16:17 (PP)
Penalties :
Fredrik Claesson (Pro) for Hooking (Minor) at 4:58, Ville Pokka (Tex) for Tripping (Minor) at 9:13, John Quenneville (Pro) for Goalie Interference (Minor) at 12:03, Niko Mikkola (Pro) for Roughing (Minor) at 16:13, Ilya Mikheyev (Tex) for Roughing (Minor) at 16:35
3rd period
7. Little Stars , Jordan LaVallee 40 (Anton Cederholm 31, Daniel O'regan 72) at 4:38
8. Punishers , Austen Brassard 13 (Artem Zub 32) at 10:54
9. Little Stars , Ilya Mikheyev 44 (Jordan LaVallee 56, Daniel O'regan 73) at 11:08
10. Little Stars , Sebastian Wannstrom 29 (Henrik Borgstrom 35) at 12:46
11. Punishers , Anton Blidh 15 (Austen Brassard 22, Artem Zub 33) at 13:43
Penalties :
Oskar Lindblom (Pro) for Holding (Minor) at 1:25, Connor Clifton (Pro) for Hooking (Minor) at 19:13
Goalie Stats
Daniel Altshuller (Pro), 15 saves from 18 shots - (0.833), L, 5-9-1, 23:43 minutes
Louis Domingue (Pro), 11 saves from 15 shots - (0.733), 36:17 minutes
Dustin Tokarski (Tex), 24 saves from 28 shots - (0.857), W, 13-13-2, 60:00 minutes
Players Stats for Punishers
Player Name G A P +/- PIM S H SB GA TA FO MP PP MP PK MP
------------------------------------------------------------------------------------
Alex Schoenborn 0 0 0 0 0 0 0 0 0 0 0/0 2:01 0:14 0:00
Alexander Nylander 0 0 0 0 0 0 0 0 0 0 0/0 0:22 0:14 0:00
Anton Blidh 1 0 1 2 0 3 5 0 1 0 0/0 12:14 0:00 0:43
Artem Zub 0 2 2 -1 0 0 2 1 0 0 0/0 20:38 3:36 1:27
Austen Brassard 1 1 2 2 0 2 3 2 1 0 0/0 11:53 0:14 0:00
Austin Wagner 0 0 0 0 0 0 0 0 0 0 0/0 0:00 0:00 0:00
Beck Malenstyn 0 0 0 0 0 0 0 0 0 0 0/0 6:04 0:00 0:00
Ben Betker 0 0 0 1 0 0 2 1 0 1 0/0 22:03 4:20 4:18
Brett Kulak 0 1 1 1 0 2 3 2 0 1 0/0 30:09 4:20 5:01
Carter Ashton 0 1 1 -1 2 2 2 0 0 0 0/1 18:19 3:32 1:05
Connor Clifton 0 0 0 0 2 1 1 5 0 0 0/0 14:30 0:00 0:00
Corey Tropp 0 1 1 -1 0 6 4 3 1 1 10/14 26:54 4:10 4:09
Fredrik Claesson 0 0 0 -2 2 2 1 0 0 1 0/0 20:20 3:36 1:27
Gabriel Gagne 0 0 0 0 0 0 0 0 0 0 0/1 1:11 0:00 1:11
John Quenneville 1 0 1 -1 2 3 0 0 1 0 4/12 17:14 3:32 0:00
Michael Joly 0 0 0 0 0 0 0 0 0 0 0/0 6:04 0:00 0:00
Nicolas Roy 0 0 0 2 0 0 0 0 0 0 1/5 11:34 0:00 0:03
Niko Mikkola 0 0 0 1 2 0 1 1 1 0 0/0 12:17 0:00 0:43
Oskar Lindblom 0 0 0 -1 2 1 0 3 0 0 0/0 17:25 3:32 0:00
Phillip Danault 1 0 1 -1 0 2 2 0 0 0 1/2 19:42 4:10 1:33
Radek Faksa 0 1 1 -1 0 4 2 0 2 1 17/32 22:32 4:10 4:12
Players Stats for Little Stars
Player Name G A P +/- PIM S H SB GA TA FO MP PP MP PK MP
------------------------------------------------------------------------------------
Adam Tambellini 1 1 2 1 0 2 0 0 0 1 0/0 18:47 2:53 3:20
Anton Cederholm 0 1 1 2 0 1 1 1 1 1 0/0 29:39 5:11 5:21
Daniel O'regan 1 3 4 0 2 3 0 0 0 1 19/41 25:24 3:35 3:21
Daniil Tarasov 0 0 0 0 0 0 4 0 0 0 0/1 8:33 0:00 0:00
Eric Knodel 0 1 1 -1 0 0 1 1 0 1 0/0 19:46 1:17 2:35
Henrik Borgstrom 0 2 2 2 0 3 0 1 1 0 8/13 16:07 2:53 2:09
Ilya Mikheyev 1 1 2 1 4 3 1 0 0 2 0/1 20:04 3:35 0:00
Jason Dickinson 0 0 0 -3 0 2 2 0 0 1 2/5 11:49 0:00 1:39
Joakim Nygard 0 0 0 0 0 0 0 0 0 0 0/0 3:24 0:00 0:09
Jordan LaVallee 1 2 3 1 0 5 2 0 0 0 3/3 23:55 3:35 4:12
Michael Mersch 0 0 0 0 0 3 0 0 2 0 0/0 9:07 0:00 0:15
Reece Willcox 0 0 0 -1 0 4 0 0 0 0 0/0 19:46 1:17 2:35
Roman Horak 0 0 0 0 0 0 0 0 1 0 2/2 9:20 0:00 0:47
Sebastian Wannstrom 1 0 1 1 0 2 1 0 0 0 0/0 15:21 2:53 0:00
Tucker Poolman 0 0 0 -1 0 0 1 0 0 0 0/0 10:35 0:00 0:00
Tyler Wotherspoon 2 0 2 2 0 2 0 2 0 0 0/0 29:39 5:11 5:21
Ville Pokka 0 0 0 -1 2 1 1 0 0 0 0/0 10:35 0:00 0:00
Zach Budish 0 0 0 -3 0 2 2 1 0 0 0/1 10:09 0:00 0:00
3 Stars
1 - Tyler Wotherspoon (Tex)
2 - Jordan LaVallee (Tex)
3 - Daniel O'regan (Tex)
Power Play
Punishers - 0 on 4 Attempt(s) - 0.00%
Little Stars - 3 on 6 Attempt(s) - 50.00%
Penalty Kill
Punishers - 3 on 6 Attempt(s) - 50.00%
- Score 0 goal in Penalty Kill
Little Stars - 4 on 4 Attempt(s) - 100.00%
- Score 0 goal in Penalty Kill
Team Stat
Punishers - Hits : 28 - Faceoff Wins : 33 - Blocked Shots : 18 - Penalty Minutes : 12
Little Stars - Hits : 16 - Faceoff Wins : 34 - Blocked Shots : 6 - Penalty Minutes : 8
Official
Referees : Steve Kozari and Chris Lee
Linesman : Bevan Mills and Brandon Gawryletz
Game Notes
Joakim Nygard is injured at 16:52 of 1st period (Left Knee)
Daniel Altshuller enters game at 16:17 of 2nd period
Ben Betker is injured at 3:46 of 3rd period (Chest/Ribs)
Finance
Level 1 -- Attendance: 1945 (97.25%) -- Ticket Income $68,075
Level 2 -- Attendance: 985 (98.50%) -- Ticket Income $14,775
Total Attendance: 2930 (97.67%)
Total Ticket Income: $82,850
Other Income: $4,142
Total Income: $86,992
Punishers
5 vs 5 Forward
Center Left Wing Right Wing Time % Phy DF OF
1 Radek Faksa Phillip Danault Corey Tropp 40 1 2 2
2 John Quenneville Oskar Lindblom Carter Ashton 30 1 2 2
3 Nicolas Roy Anton Blidh Austen Brassard 20 1 2 2
4 Corey Tropp Beck Malenstyn Michael Joly 10 1 2 2
5 vs 5 Defense
Defense Defense Time % Phy DF OF
1 Brett Kulak Ben Betker 40 1 2 2
2 Artem Zub Fredrik Claesson 30 1 2 2
3 Connor Clifton Niko Mikkola 20 1 2 2
4 Brett Kulak Ben Betker 10 1 2 2
PowerPlay Forward
Center Left Wing Right Wing Time % Phy DF OF
1 Radek Faksa Phillip Danault Corey Tropp 60 1 2 2
2 John Quenneville Oskar Lindblom Carter Ashton 40 1 2 2
PowerPlay Defense
Defense Defense Time % Phy DF OF
1 Brett Kulak Ben Betker 60 1 2 2
2 Artem Zub Fredrik Claesson 40 1 2 2
Penalty Kill 4 Players Forward
Center Wing Time % Phy DF OF
1 Corey Tropp Radek Faksa 60 1 2 2
2 Carter Ashton Phillip Danault 40 1 2 2
Penalty Kill 4 Players Defense
Defense Defense Time % Phy DF OF
1 Brett Kulak Ben Betker 60 1 2 2
2 Artem Zub Fredrik Claesson 40 1 2 2
Penalty Kill - 3 Players Forward
Forward Time % Phy DF OF
1 Corey Tropp 60 1 2 2
2 Radek Faksa 40 1 2 2
Penalty Kill - 3 Players Defense
Defense Defense Time % Phy DF OF
1 Brett Kulak Ben Betker 60 1 2 2
2 Artem Zub Fredrik Claesson 40 1 2 2
4 vs 4 Forward
Center Wing Time % Phy DF OF
1 Corey Tropp Radek Faksa 60 1 2 2
2 Carter Ashton Phillip Danault 40 1 2 2
4 vs 4 Defense
Defense Defense Time % Phy DF OF
1 Brett Kulak Ben Betker 60 1 2 2
2 Artem Zub Fredrik Claesson 40 1 2 2
Last Minutes Offensive
Center Left Wing Right Wing Defense Defense
Radek Faksa Phillip Danault Corey Tropp Brett Kulak Ben Betker
Last Minutes Defensive
Center Left Wing Right Wing Defense Defense
Radek Faksa Phillip Danault Corey Tropp Brett Kulak Ben Betker
Goaltenders
Starting : Louis Domingue
Backup : Daniel Altshuller
Extra Forwards
Normal : Alex Schoenborn, Alexander Nylander, Gabriel Gagne - PP : Alex Schoenborn, Alexander Nylander - PK : Gabriel Gagne
Extra Defensemen
Normal : Connor Clifton, Niko Mikkola, Artem Zub - PP : Connor Clifton - PK : Niko Mikkola, Artem Zub
Penalty Shots
Corey Tropp, Radek Faksa, Carter Ashton, Phillip Danault, John Quenneville
Scratches
Alex Petrovic (Healthy), Daniel Audette (Healthy), Noah Juulsen (Fractured Metatarsal (Left Foot) Injury), Zack Hamill (Bruised Left Arm Injury), Connor Ingram (Healthy)
Little Stars
5 vs 5 Forward
Center Left Wing Right Wing Time % Phy DF OF
1 Daniel O'regan Jordan LaVallee Ilya Mikheyev 40 1 2 2
2 Henrik Borgstrom Adam Tambellini Sebastian Wannstrom 30 1 2 2
3 Jason Dickinson Joakim Nygard Zach Budish 20 1 2 2
4 Roman Horak Michael Mersch Daniil Tarasov 10 1 2 2
5 vs 5 Defense
Defense Defense Time % Phy DF OF
1 Tyler Wotherspoon Anton Cederholm 40 1 2 2
2 Eric Knodel Reece Willcox 30 1 2 2
3 Tucker Poolman Ville Pokka 20 1 2 2
4 Tyler Wotherspoon Anton Cederholm 10 1 2 2
PowerPlay Forward
Center Left Wing Right Wing Time % Phy DF OF
1 Daniel O'regan Jordan LaVallee Ilya Mikheyev 60 0 2 3
2 Henrik Borgstrom Adam Tambellini Sebastian Wannstrom 40 0 2 3
PowerPlay Defense
Defense Defense Time % Phy DF OF
1 Tyler Wotherspoon Anton Cederholm 60 0 2 3
2 Eric Knodel Reece Willcox 40 0 2 3
Penalty Kill 4 Players Forward
Center Wing Time % Phy DF OF
1 Daniel O'regan Jordan LaVallee 60 0 3 2
2 Henrik Borgstrom Adam Tambellini 40 0 3 2
Penalty Kill 4 Players Defense
Defense Defense Time % Phy DF OF
1 Tyler Wotherspoon Anton Cederholm 60 0 3 2
2 Eric Knodel Reece Willcox 40 0 3 2
Penalty Kill - 3 Players Forward
Forward Time % Phy DF OF
1 Daniel O'regan 60 0 3 2
2 Henrik Borgstrom 40 0 3 2
Penalty Kill - 3 Players Defense
Defense Defense Time % Phy DF OF
1 Tyler Wotherspoon Anton Cederholm 60 0 3 2
2 Eric Knodel Reece Willcox 40 0 3 2
4 vs 4 Forward
Center Wing Time % Phy DF OF
1 Daniel O'regan Jordan LaVallee 60 0 2 3
2 Henrik Borgstrom Adam Tambellini 40 0 2 3
4 vs 4 Defense
Defense Defense Time % Phy DF OF
1 Tyler Wotherspoon Anton Cederholm 60 1 2 2
2 Eric Knodel Reece Willcox 40 1 2 2
Last Minutes Offensive
Center Left Wing Right Wing Defense Defense
Daniel O'regan Jordan LaVallee Ilya Mikheyev Tyler Wotherspoon Anton Cederholm
Last Minutes Defensive
Center Left Wing Right Wing Defense Defense
Daniel O'regan Jordan LaVallee Ilya Mikheyev Tyler Wotherspoon Anton Cederholm
Goaltenders
Starting : Dustin Tokarski
Backup : Connor Knapp
Extra Forwards
Normal : Daniel O'regan, Sebastian Wannstrom, Zach Budish - PP : Daniel O'regan, Sebastian Wannstrom - PK : Daniel O'regan
Extra Defensemen
Normal : Reece Willcox, Tucker Poolman, Ville Pokka - PP : Reece Willcox - PK : Reece Willcox, Tucker Poolman
Penalty Shots
Jordan LaVallee, Ilya Mikheyev, Adam Tambellini, Joakim Nygard, Daniel O'regan
Scratches
Emile Poirier (Healthy), Jean-Christophe Beaudin (Healthy), Justin Auger (Healthy), Lawrence Pilut (Healthy), Radel Fazleev (Healthy)
Rudolfs Balcers (Healthy), Shane Gersich (Healthy), Yakov Trenin (Healthy), Frederic Allard (Healthy), Matt Luff (Healthy)
Joey Anderson (Healthy), Jonathan Dahlen (Healthy), Givani Smith (Healthy)
% Time on Ice - Punishers
Lines # - Real PCT - Wanted PCT - Time Play
Normal Forward
1 - 31% - 40% - 14:18
2 - 30% - 30% - 13:43
3 - 25% - 20% - 11:31
4 - 13% - 10% - 6:04
Normal Defense
1 - 44% - 40% - 20:09
2 - 31% - 30% - 14:20
3 - 19% - 20% - 8:46
4 - 5% - 10% - 2:21
PP Forward
1 - 55% - 60% - 4:24
2 - 45% - 40% - 3:32
PP Defense
1 - 55% - 60% - 4:20
2 - 45% - 40% - 3:36
PK Forward
1 - 76% - 60% - 4:55
2 - 24% - 40% - 1:33
PK Defense
1 - 78% - 60% - 5:01
2 - 22% - 40% - 1:27
PK3 Forward
1 - 0% - 60%
2 - 0% - 40%
PK3 Defense
1 - 0% - 60%
2 - 0% - 40%
44 Forward
1 - 0% - 60%
2 - 0% - 40%
44 Defense
1 - 0% - 60%
2 - 0% - 40%
Last Minute Offensive - 0:00
Last Minute Defensive - 0:00
Total
Forward - 60:00
Defense - 60:00
|
% Time on Ice - Little Stars
Lines # - Real PCT - Wanted PCT - Time Play
Normal Forward
1 - 35% - 40% - 15:50
2 - 24% - 30% - 11:04
3 - 22% - 20% - 10:09
4 - 19% - 10% - 8:33
Normal Defense
1 - 39% - 40% - 17:59
2 - 35% - 30% - 15:54
3 - 23% - 20% - 10:35
4 - 2% - 10% - 1:08
PP Forward
1 - 55% - 60% - 3:35
2 - 45% - 40% - 2:53
PP Defense
1 - 80% - 60% - 5:11
2 - 20% - 40% - 1:17
PK Forward
1 - 75% - 60% - 5:59
2 - 25% - 40% - 1:57
PK Defense
1 - 67% - 60% - 5:21
2 - 33% - 40% - 2:35
PK3 Forward
1 - 0% - 60%
2 - 0% - 40%
PK3 Defense
1 - 0% - 60%
2 - 0% - 40%
44 Forward
1 - 0% - 60%
2 - 0% - 40%
44 Defense
1 - 0% - 60%
2 - 0% - 40%
Last Minute Offensive - 0:00
Last Minute Defensive - 0:00
Total
Forward - 60:00
Defense - 60:00
|
Play-by-Play
1st period
0:01 of 1st period - Radek Faksa wins face-off versus Daniel O'regan in neutral zone.
0:30 of 1st period - Snap shot by Carter Ashton.
0:30 of 1st period - Deflect By Tyler Wotherspoon.
0:30 of 1st period - Stopped by Dustin Tokarski with a rebound.
0:46 of 1st period - Zach Budish is hit by Austen Brassard and loses puck.
1:24 of 1st period - Icing by Michael Mersch.
1:25 of 1st period - Roman Horak wins face-off versus Phillip Danault in Little Stars zone.
1:59 of 1st period - Snap shot by Adam Tambellini.
1:59 of 1st period - Goal by Adam Tambellini - Punishers : 0 - Little Stars : 1.
2:00 of 1st period - Daniel O'regan wins face-off versus Radek Faksa in neutral zone.
2:26 of 1st period - Connor Clifton is hit by Tucker Poolman and loses puck.
2:55 of 1st period - Slapshot by Oskar Lindblom.
2:55 of 1st period - Shot Hit the Post.
3:15 of 1st period - Wrist shot by Michael Mersch.
3:15 of 1st period - Stopped by Louis Domingue with a rebound.
3:49 of 1st period - Adam Tambellini is hit by Brett Kulak and loses puck.
4:47 of 1st period - Snap shot by Jordan LaVallee.
4:47 of 1st period - Stopped by Louis Domingue with a rebound.
4:59 of 1st period - Wrist shot by Adam Tambellini.
4:59 of 1st period - Shot Misses the Net.
5:09 of 1st period - Icing by Eric Knodel.
5:10 of 1st period - Radek Faksa wins face-off versus Henrik Borgstrom in Little Stars zone.
5:11 of 1st period - Slapshot by Corey Tropp.
5:11 of 1st period - Shot Misses the Net.
5:17 of 1st period - Snap shot by Corey Tropp.
5:17 of 1st period - Shot Blocked by Henrik Borgstrom.
5:19 of 1st period - Snap shot by Phillip Danault.
5:19 of 1st period - Stopped by Dustin Tokarski without a rebound.
5:20 of 1st period - Radek Faksa wins face-off versus Daniel O'regan in Little Stars zone.
5:21 of 1st period - Snap shot by Corey Tropp.
5:21 of 1st period - Deflect By Phillip Danault.
5:21 of 1st period - Shot Misses the Net.
5:21 of 1st period - Puck is out of play.
5:22 of 1st period - Daniel O'regan wins face-off versus Corey Tropp in Little Stars zone.
5:47 of 1st period - Anton Cederholm is hit by Carter Ashton.
5:53 of 1st period - Wrist shot by Carter Ashton.
5:53 of 1st period - Stopped by Dustin Tokarski with a rebound.
5:55 of 1st period - Slapshot by Fredrik Claesson.
5:55 of 1st period - Stopped by Dustin Tokarski without a rebound.
5:56 of 1st period - Daniel O'regan wins face-off versus Carter Ashton in Little Stars zone.
6:02 of 1st period - Minor Penalty to Carter Ashton for Slashing.
6:03 of 1st period - Corey Tropp wins face-off versus Daniel O'regan in Punishers zone.
6:13 of 1st period - Backhand shot by Jordan LaVallee.
6:13 of 1st period - Stopped by Louis Domingue with a rebound.
6:15 of 1st period - Snap shot by Tyler Wotherspoon.
6:15 of 1st period - Shot Blocked by Brett Kulak.
6:56 of 1st period - Wrist shot by Henrik Borgstrom.
6:56 of 1st period - Stopped by Louis Domingue with a rebound.
7:12 of 1st period - Slapshot by Daniel O'regan.
7:12 of 1st period - Stopped by Louis Domingue with a rebound.
7:14 of 1st period - Wrist shot by Daniel O'regan.
7:14 of 1st period - Goal by Daniel O'regan - Punishers : 0 - Little Stars : 2.
7:15 of 1st period - Jordan LaVallee wins face-off versus Radek Faksa in neutral zone.
7:40 of 1st period - John Quenneville is hit by Ville Pokka and loses puck.
7:58 of 1st period - Icing by Artem Zub.
7:59 of 1st period - Henrik Borgstrom wins face-off versus John Quenneville in Punishers zone.
8:08 of 1st period - Wrist shot by Jordan LaVallee.
8:08 of 1st period - Deflect By Daniel O'regan.
8:08 of 1st period - Shot Misses the Net.
8:08 of 1st period - Puck is out of play.
8:09 of 1st period - Daniel O'regan wins face-off versus Radek Faksa in Punishers zone.
8:10 of 1st period - Slapshot by Jordan LaVallee.
8:10 of 1st period - Shot Misses the Net.
8:30 of 1st period - Minor Penalty to Daniel O'regan for Tripping.
8:31 of 1st period - Radek Faksa wins face-off versus Jason Dickinson in Little Stars zone.
8:46 of 1st period - Snap shot by Phillip Danault.
8:46 of 1st period - Shot Hit the Post.
9:06 of 1st period - Wrist shot by John Quenneville.
9:06 of 1st period - Shot Blocked by Anton Cederholm.
10:30 of 1st period - Penalty to Daniel O'regan is over, Daniel O'regan is back on ice.
10:41 of 1st period - Jordan LaVallee is hit by Anton Blidh and loses puck.
11:00 of 1st period - Slapshot by Beck Malenstyn.
11:00 of 1st period - Shot Misses the Net.
12:00 of 1st period - Michael Mersch is hit by Corey Tropp and loses puck.
13:04 of 1st period - Tyler Wotherspoon is hit by Anton Blidh and loses puck.
13:21 of 1st period - Wrist shot by Sebastian Wannstrom.
13:21 of 1st period - Stopped by Louis Domingue with a rebound.
13:38 of 1st period - Phillip Danault is hit by Jason Dickinson and loses puck.
14:54 of 1st period - Daniel O'regan is hit by Corey Tropp and loses puck.
15:31 of 1st period - Anton Cederholm is hit by Anton Blidh and loses puck.
15:38 of 1st period - Austen Brassard is hit by Zach Budish and loses puck.
16:17 of 1st period - Radek Faksa is hit by Daniil Tarasov and loses puck.
16:28 of 1st period - John Quenneville is hit by Eric Knodel and loses puck.
16:51 of 1st period - Joakim Nygard is hit by Anton Blidh and loses puck.
16:52 of 1st period - Joakim Nygard from Little Stars is injured at 16:52 of 1st period (Left Knee).
16:53 of 1st period - Corey Tropp wins face-off versus Daniel O'regan in Little Stars zone.
17:59 of 1st period - Slapshot by Michael Joly.
17:59 of 1st period - Deflect By Corey Tropp.
17:59 of 1st period - Shot Blocked by Tyler Wotherspoon.
17:59 of 1st period - Puck is out of play.
18:00 of 1st period - Corey Tropp wins face-off versus Daniel O'regan in Little Stars zone.
18:34 of 1st period - Wrist shot by John Quenneville.
18:34 of 1st period - Goal by John Quenneville - Punishers : 1 - Little Stars : 2.
18:35 of 1st period - Radek Faksa wins face-off versus Daniel O'regan in neutral zone.
18:41 of 1st period - Minor Penalty to Ilya Mikheyev for Tripping.
18:42 of 1st period - Daniel O'regan wins face-off versus Radek Faksa in Little Stars zone.
Goals for this period are 1 for Punishers vs 2 for Little Stars.
Shots for this period are 5 for Punishers vs 8 for Little Stars.
2nd period
0:01 of 2nd period - Daniel O'regan wins face-off versus Radek Faksa in neutral zone.
0:06 of 2nd period - Slapshot by Tyler Wotherspoon.
0:06 of 2nd period - Shot Misses the Net.
0:33 of 2nd period - Snap shot by Oskar Lindblom.
0:33 of 2nd period - Stopped by Dustin Tokarski with a rebound.
0:41 of 2nd period - Penalty to Ilya Mikheyev is over, Ilya Mikheyev is back on ice.
1:15 of 2nd period - Slapshot by Henrik Borgstrom.
1:15 of 2nd period - Stopped by Louis Domingue with a rebound.
1:23 of 2nd period - Wrist shot by Ilya Mikheyev.
1:23 of 2nd period - Stopped by Louis Domingue without a rebound.
1:24 of 2nd period - Radek Faksa wins face-off versus Jason Dickinson in Punishers zone.
1:33 of 2nd period - Wrist shot by Corey Tropp.
1:33 of 2nd period - Shot Misses the Net.
1:35 of 2nd period - Wrist shot by Radek Faksa.
1:35 of 2nd period - Stopped by Dustin Tokarski with a rebound.
1:37 of 2nd period - Wrist shot by Corey Tropp.
1:37 of 2nd period - Stopped by Dustin Tokarski with a rebound.
2:40 of 2nd period - Icing by Eric Knodel.
2:41 of 2nd period - Radek Faksa wins face-off versus Jason Dickinson in Little Stars zone.
3:31 of 2nd period - Wrist shot by Anton Blidh.
3:31 of 2nd period - Stopped by Dustin Tokarski with a rebound.
3:34 of 2nd period - Icing by Reece Willcox.
3:35 of 2nd period - Radek Faksa wins face-off versus Daniil Tarasov in Little Stars zone.
3:36 of 2nd period - Snap shot by Corey Tropp.
3:36 of 2nd period - Stopped by Dustin Tokarski without a rebound.
3:37 of 2nd period - Radek Faksa wins face-off versus Daniel O'regan in Little Stars zone.
3:44 of 2nd period - Backhand shot by Phillip Danault.
3:44 of 2nd period - Goal by Phillip Danault - Punishers : 2 - Little Stars : 2.
3:45 of 2nd period - Radek Faksa wins face-off versus Daniel O'regan in neutral zone.
3:48 of 2nd period - Wrist shot by Phillip Danault.
3:48 of 2nd period - Deflect By Corey Tropp.
3:48 of 2nd period - Shot Misses the Net.
3:48 of 2nd period - Puck is out of play.
3:49 of 2nd period - Radek Faksa wins face-off versus Daniel O'regan in Little Stars zone.
4:49 of 2nd period - Off-side.
4:50 of 2nd period - Daniel O'regan wins face-off versus John Quenneville in neutral zone.
4:55 of 2nd period - Off-side.
4:56 of 2nd period - John Quenneville wins face-off versus Daniel O'regan in neutral zone.
4:58 of 2nd period - Minor Penalty to Fredrik Claesson for Hooking.
4:59 of 2nd period - Corey Tropp wins face-off versus Daniel O'regan in Punishers zone.
5:20 of 2nd period - Icing by Daniel O'regan.
5:21 of 2nd period - Henrik Borgstrom wins face-off versus Corey Tropp in Little Stars zone.
5:26 of 2nd period - Slapshot by Tyler Wotherspoon.
5:26 of 2nd period - Deflect By Radek Faksa.
5:26 of 2nd period - Goal by Tyler Wotherspoon - Punishers : 2 - Little Stars : 3.
5:27 of 2nd period - Daniel O'regan wins face-off versus Radek Faksa in neutral zone.
6:15 of 2nd period - Snap shot by Anton Cederholm.
6:15 of 2nd period - Stopped by Louis Domingue with a rebound.
6:17 of 2nd period - Slapshot by Anton Cederholm.
6:17 of 2nd period - Shot Blocked by Austen Brassard.
6:19 of 2nd period - Slapshot by Zach Budish.
6:19 of 2nd period - Stopped by Louis Domingue with a rebound.
6:21 of 2nd period - Slapshot by Tyler Wotherspoon.
6:21 of 2nd period - Shot Misses the Net.
7:23 of 2nd period - Adam Tambellini is hit by Ben Betker and loses puck.
7:48 of 2nd period - Slapshot by Daniil Tarasov.
7:48 of 2nd period - Deflect By Roman Horak.
7:48 of 2nd period - Shot Blocked by Corey Tropp.
7:48 of 2nd period - Puck is out of play.
7:49 of 2nd period - Daniel O'regan wins face-off versus John Quenneville in Punishers zone.
7:50 of 2nd period - Snap shot by Ilya Mikheyev.
7:50 of 2nd period - Shot Blocked by Connor Clifton.
7:52 of 2nd period - Slapshot by Ilya Mikheyev.
7:52 of 2nd period - Shot Misses the Net.
7:54 of 2nd period - Slapshot by Tyler Wotherspoon.
7:54 of 2nd period - Shot Blocked by Connor Clifton.
7:56 of 2nd period - Slapshot by Anton Cederholm.
7:56 of 2nd period - Shot Misses the Net.
7:58 of 2nd period - Snap shot by Daniel O'regan.
7:58 of 2nd period - Shot Blocked by Oskar Lindblom.
8:20 of 2nd period - Snap shot by Jason Dickinson.
8:20 of 2nd period - Shot Blocked by Connor Clifton.
8:22 of 2nd period - Snap shot by Zach Budish.
8:22 of 2nd period - Stopped by Louis Domingue without a rebound.
8:23 of 2nd period - Radek Faksa wins face-off versus Daniel O'regan in Punishers zone.
8:32 of 2nd period - Slapshot by Corey Tropp.
8:32 of 2nd period - Stopped by Dustin Tokarski without a rebound.
8:33 of 2nd period - Phillip Danault wins face-off versus Daniel O'regan in Little Stars zone.
8:55 of 2nd period - Off-side.
8:56 of 2nd period - Henrik Borgstrom wins face-off versus John Quenneville in neutral zone.
9:05 of 2nd period - Off-side.
9:06 of 2nd period - Henrik Borgstrom wins face-off versus John Quenneville in neutral zone.
9:13 of 2nd period - Minor Penalty to Ville Pokka for Tripping.
9:14 of 2nd period - Daniel O'regan wins face-off versus Radek Faksa in Little Stars zone.
9:30 of 2nd period - Snap shot by Radek Faksa.
9:30 of 2nd period - Shot Misses the Net.
9:42 of 2nd period - Snap shot by John Quenneville.
9:42 of 2nd period - Stopped by Dustin Tokarski with a rebound.
9:44 of 2nd period - Snap shot by Fredrik Claesson.
9:44 of 2nd period - Stopped by Dustin Tokarski without a rebound.
9:45 of 2nd period - Daniel O'regan wins face-off versus John Quenneville in Little Stars zone.
10:34 of 2nd period - Snap shot by Adam Tambellini.
10:34 of 2nd period - Shot Misses the Net.
11:13 of 2nd period - Penalty to Ville Pokka is over, Ville Pokka is back on ice.
11:45 of 2nd period - Snap shot by Michael Joly.
11:45 of 2nd period - Shot Misses the Net.
12:03 of 2nd period - Minor Penalty to John Quenneville for Goalie Interference.
12:04 of 2nd period - Corey Tropp wins face-off versus Henrik Borgstrom in Punishers zone.
12:08 of 2nd period - Radek Faksa is hit by Sebastian Wannstrom and loses puck.
13:56 of 2nd period - Henrik Borgstrom is hit by Brett Kulak and loses puck.
14:03 of 2nd period - Penalty to John Quenneville is over, John Quenneville is back on ice.
14:14 of 2nd period - Anton Blidh is hit by Jason Dickinson and loses puck.
14:35 of 2nd period - Snap shot by Michael Mersch.
14:35 of 2nd period - Shot Misses the Net.
14:55 of 2nd period - Jason Dickinson is hit by Fredrik Claesson.
15:22 of 2nd period - Icing by Fredrik Claesson.
15:23 of 2nd period - Corey Tropp wins face-off versus Ilya Mikheyev in Punishers zone.
15:32 of 2nd period - Wrist shot by Austen Brassard.
15:32 of 2nd period - Stopped by Dustin Tokarski with a rebound.
16:11 of 2nd period - Snap shot by Zach Budish.
16:11 of 2nd period - Shot Blocked by Connor Clifton.
16:13 of 2nd period - Minor Penalty to Niko Mikkola for Roughing.
16:14 of 2nd period - Daniel O'regan wins face-off versus Corey Tropp in Punishers zone.
16:15 of 2nd period - Wrist shot by Ilya Mikheyev.
16:15 of 2nd period - Shot Misses the Net.
16:17 of 2nd period - Slapshot by Tyler Wotherspoon.
16:17 of 2nd period - Goal by Tyler Wotherspoon - Punishers : 2 - Little Stars : 4.
16:17 of 2nd period - Daniel Altshuller enters game.
16:18 of 2nd period - Daniel O'regan wins face-off versus Radek Faksa in neutral zone.
16:33 of 2nd period - Wrist shot by Corey Tropp.
16:33 of 2nd period - Stopped by Dustin Tokarski with a rebound.
16:35 of 2nd period - Minor Penalty to Ilya Mikheyev for Roughing.
16:36 of 2nd period - Jordan LaVallee wins face-off versus Radek Faksa in Little Stars zone.
16:36 of 2nd period - Jordan LaVallee is hit by Ben Betker.
17:23 of 2nd period - Reece Willcox is hit by Radek Faksa and loses puck.
17:56 of 2nd period - Fredrik Claesson is hit by Anton Cederholm and loses puck.
18:35 of 2nd period - Penalty to Ilya Mikheyev is over, Ilya Mikheyev is back on ice.
18:51 of 2nd period - Wrist shot by Jason Dickinson.
18:51 of 2nd period - Stopped by Daniel Altshuller without a rebound.
18:52 of 2nd period - Jason Dickinson wins face-off versus Nicolas Roy in Punishers zone.
19:19 of 2nd period - Snap shot by Jordan LaVallee.
19:19 of 2nd period - Stopped by Daniel Altshuller with a rebound.
19:21 of 2nd period - Snap shot by Jordan LaVallee.
19:21 of 2nd period - Shot Misses the Net.
19:23 of 2nd period - Snap shot by Daniel O'regan.
19:23 of 2nd period - Shot Misses the Net.
19:35 of 2nd period - Reece Willcox is hit by Carter Ashton and loses puck.
19:57 of 2nd period - Henrik Borgstrom is hit by Phillip Danault.
Goals for this period are 1 for Punishers vs 2 for Little Stars.
Shots for this period are 11 for Punishers vs 9 for Little Stars.
3rd period
0:01 of 3rd period - Daniel O'regan wins face-off versus Radek Faksa in neutral zone.
0:10 of 3rd period - Backhand shot by Daniel O'regan.
0:10 of 3rd period - Deflect By Jordan LaVallee.
0:10 of 3rd period - Shot Misses the Net.
0:10 of 3rd period - Puck is out of play.
0:11 of 3rd period - Daniel O'regan wins face-off versus Radek Faksa in Punishers zone.
0:16 of 3rd period - Wrist shot by Jordan LaVallee.
0:16 of 3rd period - Stopped by Daniel Altshuller with a rebound.
0:27 of 3rd period - Tyler Wotherspoon is hit by Corey Tropp and loses puck.
0:47 of 3rd period - Off-side.
0:48 of 3rd period - Radek Faksa wins face-off versus Henrik Borgstrom in neutral zone.
0:59 of 3rd period - Wrist shot by Adam Tambellini.
0:59 of 3rd period - Shot Blocked by Artem Zub.
1:01 of 3rd period - Slapshot by Reece Willcox.
1:01 of 3rd period - Deflect By Artem Zub.
1:01 of 3rd period - Stopped by Daniel Altshuller with a rebound.
1:03 of 3rd period - Slapshot by Henrik Borgstrom.
1:03 of 3rd period - Stopped by Daniel Altshuller without a rebound.
1:04 of 3rd period - Jordan LaVallee wins face-off versus John Quenneville in Punishers zone.
1:25 of 3rd period - Minor Penalty to Oskar Lindblom for Holding.
1:26 of 3rd period - Corey Tropp wins face-off versus Daniel O'regan in Punishers zone.
1:42 of 3rd period - Icing by Daniel O'regan.
1:43 of 3rd period - Corey Tropp wins face-off versus Daniel O'regan in Little Stars zone.
1:50 of 3rd period - Snap shot by Daniel O'regan.
1:50 of 3rd period - Stopped by Daniel Altshuller with a rebound.
1:52 of 3rd period - Wrist shot by Ilya Mikheyev.
1:52 of 3rd period - Shot Blocked by Ben Betker.
1:54 of 3rd period - Wrist shot by Ilya Mikheyev.
1:54 of 3rd period - Deflect By Radek Faksa.
1:54 of 3rd period - Shot Misses the Net.
1:54 of 3rd period - Puck is out of play.
1:55 of 3rd period - Daniel O'regan wins face-off versus Corey Tropp in Punishers zone.
2:08 of 3rd period - Slapshot by Tyler Wotherspoon.
2:08 of 3rd period - Deflect By Jordan LaVallee.
2:08 of 3rd period - Shot Blocked by Corey Tropp.
2:08 of 3rd period - Puck is out of play.
2:09 of 3rd period - Corey Tropp wins face-off versus Daniel O'regan in Punishers zone.
2:14 of 3rd period - Slapshot by Brett Kulak.
2:14 of 3rd period - Stopped by Dustin Tokarski with a rebound.
3:08 of 3rd period - Off-side.
3:09 of 3rd period - Henrik Borgstrom wins face-off versus Gabriel Gagne in neutral zone.
3:25 of 3rd period - Penalty to Oskar Lindblom is over, Oskar Lindblom is back on ice.
3:35 of 3rd period - Snap shot by Corey Tropp.
3:35 of 3rd period - Stopped by Dustin Tokarski without a rebound.
3:36 of 3rd period - John Quenneville wins face-off versus Daniel O'regan in Little Stars zone.
3:45 of 3rd period - Ben Betker is hit by Ilya Mikheyev and loses puck.
3:46 of 3rd period - Ben Betker from Punishers is injured at 3:46 of 3rd period (Chest/Ribs).
3:47 of 3rd period - Daniel O'regan wins face-off versus Radek Faksa in Punishers zone.
3:48 of 3rd period - Slapshot by Jordan LaVallee.
3:48 of 3rd period - Shot Misses the Net.
4:03 of 3rd period - Snap shot by Radek Faksa.
4:03 of 3rd period - Shot Misses the Net.
4:38 of 3rd period - Wrist shot by Jordan LaVallee.
4:38 of 3rd period - Goal by Jordan LaVallee - Punishers : 2 - Little Stars : 5.
4:39 of 3rd period - Henrik Borgstrom wins face-off versus Radek Faksa in neutral zone.
5:04 of 3rd period - Reece Willcox is hit by Connor Clifton and loses puck.
5:31 of 3rd period - Austen Brassard is hit by Daniil Tarasov and loses puck.
5:40 of 3rd period - Slapshot by Tyler Wotherspoon.
5:40 of 3rd period - Shot Blocked by Connor Clifton.
5:58 of 3rd period - Snap shot by Radek Faksa.
5:58 of 3rd period - Stopped by Dustin Tokarski with a rebound.
6:10 of 3rd period - Snap shot by Ilya Mikheyev.
6:10 of 3rd period - Shot Misses the Net.
6:12 of 3rd period - Snap shot by Ilya Mikheyev.
6:12 of 3rd period - Stopped by Daniel Altshuller with a rebound.
6:14 of 3rd period - Slapshot by Daniel O'regan.
6:14 of 3rd period - Shot Blocked by Corey Tropp.
6:41 of 3rd period - Daniil Tarasov is hit by Austen Brassard and loses puck.
7:07 of 3rd period - Wrist shot by John Quenneville.
7:07 of 3rd period - Shot Blocked by Eric Knodel.
7:13 of 3rd period - Artem Zub is hit by Daniil Tarasov and loses puck.
7:18 of 3rd period - Slapshot by Tyler Wotherspoon.
7:18 of 3rd period - Shot Misses the Net.
7:20 of 3rd period - Slapshot by Reece Willcox.
7:20 of 3rd period - Shot Blocked by Oskar Lindblom.
7:22 of 3rd period - Slapshot by Michael Mersch.
7:22 of 3rd period - Shot Misses the Net.
7:24 of 3rd period - Snap shot by Daniil Tarasov.
7:24 of 3rd period - Shot Blocked by Oskar Lindblom.
7:26 of 3rd period - Snap shot by Michael Mersch.
7:26 of 3rd period - Shot Blocked by Niko Mikkola.
7:28 of 3rd period - Slapshot by Michael Mersch.
7:28 of 3rd period - Shot Misses the Net.
7:30 of 3rd period - Slapshot by Anton Cederholm.
7:30 of 3rd period - Shot Misses the Net.
7:32 of 3rd period - Snap shot by Roman Horak.
7:32 of 3rd period - Shot Misses the Net.
7:34 of 3rd period - Snap shot by Michael Mersch.
7:34 of 3rd period - Stopped by Daniel Altshuller with a rebound.
7:42 of 3rd period - Slapshot by Michael Mersch.
7:42 of 3rd period - Stopped by Daniel Altshuller without a rebound.
7:43 of 3rd period - Radek Faksa wins face-off versus Daniel O'regan in Punishers zone.
8:00 of 3rd period - Phillip Danault is hit by Jordan LaVallee and loses puck.
8:23 of 3rd period - Slapshot by Brett Kulak.
8:23 of 3rd period - Shot Misses the Net.
8:33 of 3rd period - Tyler Wotherspoon is hit by Artem Zub and loses puck.
8:44 of 3rd period - Anton Cederholm is hit by Artem Zub and loses puck.
9:40 of 3rd period - Ville Pokka is hit by Corey Tropp and loses puck.
10:33 of 3rd period - Corey Tropp is hit by Daniil Tarasov and loses puck.
10:46 of 3rd period - Slapshot by Brett Kulak.
10:46 of 3rd period - Stopped by Dustin Tokarski without a rebound.
10:47 of 3rd period - Jason Dickinson wins face-off versus Nicolas Roy in Little Stars zone.
10:52 of 3rd period - Snap shot by Austen Brassard.
10:52 of 3rd period - Shot Blocked by Zach Budish.
10:54 of 3rd period - Snap shot by Austen Brassard.
10:54 of 3rd period - Goal by Austen Brassard - Punishers : 3 - Little Stars : 5.
10:55 of 3rd period - Radek Faksa wins face-off versus Daniel O'regan in neutral zone.
11:08 of 3rd period - Snap shot by Ilya Mikheyev.
11:08 of 3rd period - Goal by Ilya Mikheyev - Punishers : 3 - Little Stars : 6.
11:09 of 3rd period - Daniel O'regan wins face-off versus Radek Faksa in neutral zone.
12:03 of 3rd period - Icing by Eric Knodel.
12:04 of 3rd period - Daniel O'regan wins face-off versus John Quenneville in Little Stars zone.
12:40 of 3rd period - Snap shot by John Quenneville.
12:40 of 3rd period - Stopped by Dustin Tokarski without a rebound.
12:41 of 3rd period - Henrik Borgstrom wins face-off versus Radek Faksa in Little Stars zone.
12:46 of 3rd period - Wrist shot by Sebastian Wannstrom.
12:46 of 3rd period - Goal by Sebastian Wannstrom - Punishers : 3 - Little Stars : 7.
12:47 of 3rd period - Radek Faksa wins face-off versus Henrik Borgstrom in neutral zone.
13:12 of 3rd period - Adam Tambellini is hit by Austen Brassard and loses puck.
13:17 of 3rd period - Snap shot by Anton Blidh.
13:17 of 3rd period - Stopped by Dustin Tokarski without a rebound.
13:18 of 3rd period - Nicolas Roy wins face-off versus Zach Budish in Little Stars zone.
13:43 of 3rd period - Snap shot by Anton Blidh.
13:43 of 3rd period - Goal by Anton Blidh - Punishers : 4 - Little Stars : 7.
13:44 of 3rd period - Radek Faksa wins face-off versus Daniel O'regan in neutral zone.
13:49 of 3rd period - Snap shot by Phillip Danault.
13:49 of 3rd period - Shot Misses the Net.
13:51 of 3rd period - Wrist shot by Connor Clifton.
13:51 of 3rd period - Stopped by Dustin Tokarski with a rebound.
13:53 of 3rd period - Wrist shot by Radek Faksa.
13:53 of 3rd period - Stopped by Dustin Tokarski with a rebound.
13:59 of 3rd period - Snap shot by Radek Faksa.
13:59 of 3rd period - Stopped by Dustin Tokarski without a rebound.
14:00 of 3rd period - John Quenneville wins face-off versus Henrik Borgstrom in Little Stars zone.
14:13 of 3rd period - Snap shot by Carter Ashton.
14:13 of 3rd period - Shot Blocked by Tyler Wotherspoon.
14:25 of 3rd period - Tyler Wotherspoon is hit by Radek Faksa and loses puck.
14:53 of 3rd period - Jordan LaVallee is hit by Anton Blidh and loses puck.
15:12 of 3rd period - Backhand shot by Jason Dickinson.
15:12 of 3rd period - Stopped by Daniel Altshuller with a rebound.
15:56 of 3rd period - Slapshot by Phillip Danault.
15:56 of 3rd period - Shot Hit the Post.
16:11 of 3rd period - Eric Knodel is hit by Niko Mikkola.
16:33 of 3rd period - Snap shot by Adam Tambellini.
16:33 of 3rd period - Shot Misses the Net.
16:35 of 3rd period - Slapshot by Reece Willcox.
16:35 of 3rd period - Stopped by Daniel Altshuller with a rebound.
16:43 of 3rd period - Wrist shot by Adam Tambellini.
16:43 of 3rd period - Stopped by Daniel Altshuller with a rebound.
16:45 of 3rd period - Wrist shot by Sebastian Wannstrom.
16:45 of 3rd period - Shot Misses the Net.
16:47 of 3rd period - Snap shot by Reece Willcox.
16:47 of 3rd period - Stopped by Daniel Altshuller with a rebound.
16:49 of 3rd period - Slapshot by Reece Willcox.
16:49 of 3rd period - Deflect By Niko Mikkola.
16:49 of 3rd period - Stopped by Daniel Altshuller without a rebound.
16:50 of 3rd period - John Quenneville wins face-off versus Daniel O'regan in Punishers zone.
16:50 of 3rd period - John Quenneville is hit by Jordan LaVallee.
17:17 of 3rd period - Fredrik Claesson is hit by Zach Budish and loses puck.
17:23 of 3rd period - Off-side.
17:24 of 3rd period - Roman Horak wins face-off versus Nicolas Roy in neutral zone.
18:15 of 3rd period - Eric Knodel is hit by Phillip Danault and loses puck.
18:28 of 3rd period - Snap shot by Corey Tropp.
18:28 of 3rd period - Stopped by Dustin Tokarski without a rebound.
18:29 of 3rd period - Henrik Borgstrom wins face-off versus Nicolas Roy in Little Stars zone.
18:34 of 3rd period - Snap shot by Tucker Poolman.
18:34 of 3rd period - Shot Blocked by Brett Kulak.
18:36 of 3rd period - Slapshot by Ville Pokka.
18:36 of 3rd period - Deflect By Anton Blidh.
18:36 of 3rd period - Stopped by Daniel Altshuller with a rebound.
18:38 of 3rd period - Wrist shot by Adam Tambellini.
18:38 of 3rd period - Shot Misses the Net.
18:40 of 3rd period - Wrist shot by Sebastian Wannstrom.
18:40 of 3rd period - Shot Blocked by Austen Brassard.
19:00 of 3rd period - Jason Dickinson is hit by Brett Kulak and loses puck.
19:11 of 3rd period - Slapshot by Reece Willcox.
19:11 of 3rd period - Shot Misses the Net.
19:13 of 3rd period - Minor Penalty to Connor Clifton for Hooking.
19:14 of 3rd period - Corey Tropp wins face-off versus Daniel O'regan in Punishers zone.
Goals for this period are 2 for Punishers vs 3 for Little Stars.
Shots for this period are 12 for Punishers vs 16 for Little Stars.